 Dungeon Crawl Stone Soup version 0.31.0-11-ge490571c62 (webtiles) character file.

Game seed: 12163957661245841727

126 qw the Skirmisher (level 4, -4/25 HPs)
             Began as a Deep Elf Hunter on Feb 4, 2024.
             Incinerated by a bombardier beetle (6 damage)
             ... with a burning spray
             ... on level 4 of the Dungeon.
             The game lasted 00:00:06 (1934 turns).

qw the Skirmisher (Deep Elf Hunter)                 Turns: 1934, Time: 00:00:07

Health: -4/25      AC:  6    Str: 10    XL:     4   Next: 84%
Magic:  6/6        EV: 11    Int: 14    God:
Gold:   150        SH:  0    Dex: 18    Spells: 3/3 levels left

rFire   . . .        a - +0 shortbow
rCold   . . .        (shield currently unavailable)
rNeg    . . .        b - +1 ring mail
rPois   .            (no helmet)
rElec   .            (no cloak)
rCorr   .            (no gloves)
SInv    .            (no boots)
Will    .....        e - amulet of the acrobat
Stlth   +            (no ring)
HPRegen 0.24/turn    (no ring)
MPRegen 0.10/turn

%: acrobat
@: on fire, glowing
A: no striking features
a: no special abilities


You were on level 4 of the Dungeon.
You visited 1 branch of the dungeon, and saw 4 of its levels.

You collected 150 gold pieces.


   Skills:
 - Level 1.5 Fighting
 + Level 8.2 Ranged Weapons
 - Level 2.4 Dodging
 - Level 1.2 Stealth


You had 3 spell levels left.
You didn't know any spells.
Your spell library was empty.

Inventory:

Hand Weapons
 a - a +0 shortbow (weapon)
Armour
 b - a +1 ring mail (worn)
Jewellery
 e - an amulet of the acrobat (around neck)
Potions
 d - 2 potions of haste
 f - 2 potions of enlightenment
 i - a potion of might
 j - a potion of degeneration {unknown}

Dungeon Overview and Level Annotations

Branches:
Dungeon (4/15)
 Temple: D:4-7

Altars:
Vehumet


Message History

Found a quarterstaff.
The goblin shouts!
A jelly comes into view.
You shoot an arrow. The jelly quivers.
The arrow hits the jelly!
The jelly is severely wounded.
You shoot an arrow. The arrow hits the jelly!
You kill the jelly!
Your Ranged Weapons skill increases to level 8!
You shoot an arrow. The arrow closely misses the goblin.
You shoot an arrow. The arrow hits the goblin!
You kill the goblin!
The bombardier beetle sprays incendiary fluid at you.
The burning spray hits you.
You are covered in liquid fire!
You shoot an arrow.
The arrow hits the bombardier beetle but does no damage.
The liquid fire burns you!
You shoot an arrow. The arrow hits the bombardier beetle.
The bombardier beetle is moderately wounded.
The liquid fire burns you!
The bombardier beetle sprays incendiary fluid at you.
The burning spray hits you.
You are even more covered in liquid fire!
You shoot an arrow. The arrow hits the bombardier beetle!
The bombardier beetle is severely wounded.
The liquid fire burns you!
You shoot an arrow.
The arrow hits the bombardier beetle but does no damage.
The bombardier beetle is severely wounded.
The liquid fire burns you!
You shoot an arrow.
The arrow barely misses the bombardier beetle.
The liquid fire burns you!
You shoot an arrow.
The arrow hits the bombardier beetle but does no damage.
The bombardier beetle is severely wounded.
The liquid fire burns you!
You die...

..#.. ####.....##
#..........
########.......!.)
#)................
#.......<.........
#......%..........
#......#....B.....
#......#..@.......
#......#..........
#.<....#...)......
#.(....#####.###..
#......# .# #
#......# .#
######... . ###. .


You could see a bombardier beetle.

Vanquished Creatures
  A jelly (D:4)
  A gnoll (D:1)
  2 adders
  3 dart slugs
  A ribbon worm (D:3)
  An orc (D:3)
  7 ball pythons
  3 endoplasms
  3 giant cockroaches
  6 goblins
  5 hobgoblins
  2 jackals (D:2)
  5 kobolds
  2 quokkas
  7 bats
  2 frilled lizards (D:2)
  4 rats
55 creatures vanquished.

Notes
Turn   | Place    | Note
-------+----------+-------------------------------------------
     0 | D:1      | qw the Deep Elf Hunter began the quest for the Orb.
     0 | D:1      | Reached XP level 1. HP: 12/12 MP: 3/3
     0 | D:1      | 0 ||| qw: Version: 0.3-a-160-g6735b56
     0 | D:1      | 0 ||| qw: Game counter: 5057
     0 | D:1      | 0 ||| qw: Melee chars always use a shield: true
     0 | D:1      | 0 ||| qw: God list: Okawaru
     0 | D:1      | 0 ||| qw: Allow faded altars: false
     0 | D:1      | 0 ||| qw: Do Orc after clearing Dungeon:15 true
     0 | D:1      | 0 ||| qw: Do second Lair branch before Depths: true
     0 | D:1      | 0 ||| qw: Lair rune preference: random
     0 | D:1      | 0 ||| qw: Goals: Normal
     0 | D:1      | 0 ||| PLANNING D:1-11
    40 | D:1      | Reached skill level 6 in Ranged Weapons
    40 | D:1      | Reached XP level 2. HP: 16/16 MP: 4/4
   305 | D:1      | Reached XP level 3. HP: 20/20 MP: 5/5
   594 | D:1      | 594 ||| DROPPING ring of magical power.
   595 | D:1      | 595 ||| READING scroll labelled OVUIV SADA.
   595 | D:1      | 595 ||| IDENTIFYING metallic sapphire potion
   596 | D:1      | 596 ||| DRINKING 3 sedimented green potions.
   597 | D:1      | 597 ||| DROPPING scroll of butterflies.
   851 | D:2      | Reached skill level 7 in Ranged Weapons
  1078 | D:2      | Reached XP level 4. HP: 25/25 MP: 6/6
  1224 | D:2      | 1224 ||| UPGRADING to +0 ring mail.
  1234 | D:2      | 1234 ||| DROPPING +0 leather armour.
  1235 | D:2      | 1235 ||| UPGRADING to amulet of the acrobat.
  1240 | D:2      | 1240 ||| READING scroll of identify.
  1240 | D:2      | 1240 ||| IDENTIFYING blue potion
  1241 | D:2      | 1241 ||| DRINKING 2 ruby potions.
  1242 | D:2      | 1242 ||| DRINKING yellow potion.
  1249 | D:2      | 1249 ||| DROPPING potion of ambrosia.
  1449 | D:3      | Found a radiant altar of Vehumet.
  1732 | D:3      | 1732 ||| READING scroll labelled CYOMYL GIVUJOQ.
  1736 | D:3      | 1736 ||| READING scroll labelled QUG QIAMOEPTOP.
  1780 | D:3      | 1780 ||| READING scroll labelled ISOMEO WAM JEO.
  1781 | D:3      | 1781 ||| READING scroll labelled DIPISCHAITH.
  1781 | D:3      | 1781 ||| ENCHANTING +0 ring mail.
  1782 | D:3      | 1782 ||| READING scroll labelled GAYLU WINGITZONE.
  1883 | D:3      | 1883 ||| READING scroll labelled LINUAS MOIMN.
  1927 | D:4      | Reached skill level 8 in Ranged Weapons
  1933 | D:4      | HP: 2/25 [burnt (6)]
  1934 | D:4      | Incinerated by a bombardier beetle

Levels and vault maps discovered:
D:1:      scummos_arrival_simple_crosswalls, layout_basic
D:2:      layout_loops_ring
D:3:      layout_rooms, mainiacjoe_overflow_small_starburst,
          minmay_misc_feat_room
D:4:      layout_rooms

Skill      XL: |  1  2  3  4 |
---------------+-------------+-----
Ranged Weapons | 6 7 8 |  8.2
Fighting       | |  1.5
Dodging        | |  2.4
Stealth        | |  1.2

Action                     |  1- 3 |  4- 6 || total
---------------------------+-------+-------++-------
   Fire: Shortbow          |    93 |    46 ||   139
    Use: Scroll            |     1 |     7 ||     8
         Potion            |     1 |     2 ||     3
 Armour: Leather armour    |     9 |       ||     9
         Ring mail         |       |     3 ||     3
  Dodge: Dodged            |     9 |     4 ||    13

Table legend:
 A = Non-vault XP
 B = Vault XP
 C = Vault XP percentage of total XP
 D = Non-vault monster count
 E = Vault monster count
 F = Vault count percentage of total count
                 A         B        C        D         E       F
            +---------+---------+-------+---------+---------+-------
      Total |     181 |       0 |   0.0 |      55 |       0 |   0.0
            +---------+---------+-------+---------+---------+-------
        D:1 |      51 |       0 |   0.0 |      20 |       0 |   0.0
        D:2 |      47 |       0 |   0.0 |      20 |       0 |   0.0
        D:3 |      34 |       0 |   0.0 |      11 |       0 |   0.0
        D:4 |      49 |       0 |   0.0 |       4 |       0 |   0.0
            +---------+---------+-------+---------+---------+-------
